 Dungeon Crawl Stone Soup version 0.20.1-1-g8b1a95d (webtiles) character file.

1420 empire the Carver (level 8, -8/69 HPs)
             Began as a Minotaur Fighter on July 13, 2017.
             Was an Initiate of Nemelex Xobeh.
             Mangled by a two-headed ogre
             ... wielding a +0 giant club
              (30 damage)
             ... on level 6 of the Dungeon.
             The game lasted 00:10:21 (5629 turns).

empire the Carver (Minotaur Fighter)                Turns: 5629, Time: 00:10:22

Health: -8/69      AC: 10    Str: 23    XL:     8   Next: 43%
Magic:  7/7        EV: 10    Int:  5    God:    Nemelex Xobeh [......]
Gold:   53         SH: 10    Dex: 10    Spells: 7/7 levels left

rFire    + . .     SeeInvis .   a - +0 long sword
rCold    x . .     Gourm    .   c - +0 shield
rNeg     . . .     Faith    .   u - +0 ring mail {rPois}
rPois    +         Spirit   .   x - +1 hat
rElec    .         Reflect  .   B - +0 cloak
rCorr    .         Harm     .   y - +0 pair of gloves
MR       .....                  (no boots)
Stlth    ++........             (no amulet)
Regen    0.3/turn               l - ring of fire (curse)
MPRegen  0.1/turn               r - ring of stealth

@: no status effects
A: retaliatory headbutt, horns 2
a: Renounce Religion


You were on level 6 of the Dungeon.
You worshipped Nemelex Xobeh.
Nemelex Xobeh was noncommittal.
You were very hungry.

You visited 2 branches of the dungeon, and saw 7 of its levels.

You collected 293 gold pieces.
You spent 240 gold pieces at shops.

Inventory:

Hand Weapons
 a - a +0 long sword (weapon)
Armour
 b - a +0 scale mail
 c - a +0 shield (worn)
 u - a +0 ring mail of poison resistance (worn)
 x - a +1 hat (worn)
 y - a +0 pair of gloves (worn)
 B - a +0 cloak (worn)
Jewellery
 l - a cursed ring of fire (left hand)
 r - a ring of stealth (right hand)
 t - an uncursed ring of wizardry {unknown}
Scrolls
 e - 3 scrolls of magic mapping
 j - 2 scrolls of recharging
 k - a scroll of noise {unknown}
 m - 4 scrolls of teleportation {unknown}
 o - 2 scrolls of immolation
 p - a scroll of identify
 q - 6 scrolls of remove curse {unknown}
 w - 2 scrolls of blinking {unknown}
 C - a scroll of vulnerability {unknown}
 E - a scroll of enchant armour {unknown}
 F - a scroll of random uselessness {unknown}
Potions
 d - a potion of heal wounds
 i - a potion of magic
 n - a potion of ambrosia {unknown}
 s - 2 potions of agility {unknown}
 v - 3 potions of flight
 A - a potion of degeneration {unknown}
 D - 2 potions of curing {unknown}
 G - 2 potions of cancellation {unknown}
Miscellaneous
 H - a plain deck of summoning
Comestibles
 f - 4 bread rations
 g - 5 fruits
 h - a royal jelly
 z - 2 meat rations


   Skills:
 + Level 5.5 Fighting
 + Level 8.2 Long Blades
 + Level 6.6 Armour
 + Level 2.4 Dodging
 - Level 0.6 Stealth
 + Level 6.9 Shields
 + Level 0.0 Invocations


You had 7 spell levels left.
You didn't know any spells.

Dungeon Overview and Level Annotations

Branches:
Dungeon (6/15)             Temple (1/1) D:6

Altars:
Ashenzari
Cheibriados
Dithmenos
Elyvilon
Fedhas
Gozag
Hepliaklqana
Kikubaaqudgha
Makhleb
Nemelex Xobeh
Okawaru
Qazlal
Ru
Sif Muna
Trog
Uskayaw
Vehumet
Xom
Yredelemnul
Zin
The Shining One

Shops:
D:5 [


Innate Abilities, Weirdness & Mutations

You reflexively headbutt those who attack you in melee.
You have a pair of horns on your head.


Message History

You see here a potion of flight.
v - 3 potions of flight (gained 1)
You hit the two-headed ogre.
The two-headed ogre is lightly wounded.
You block the two-headed ogre's attack. The two-headed ogre closely misses you.
You hit the two-headed ogre.
The two-headed ogre is lightly wounded.
The two-headed ogre hits you with a giant club!!
You block the two-headed ogre's attack.
You slash the two-headed ogre!
The two-headed ogre is moderately wounded.
You hit the two-headed ogre but do no damage.
The two-headed ogre is moderately wounded.
The two-headed ogre hits you with a giant club!!
You block the two-headed ogre's attack.
You hit the two-headed ogre but do no damage.
The two-headed ogre is moderately wounded.
The two-headed ogre hits you with a giant club!!
You die...
Your body disappears without a glow.

#.#.....#.#
#.#
#.#...#.#.#
#.#
..'...+.#.#
#.#
#.#...###.#
#.#
#.+...'...#
#.#
###...######
#####+#####
#...#....#
#...........
###.'....#
#............
#.#....#
#.@O.........
...#....#
#............
#####....#
#...........#
#....#
#...........#
#....#
#...........#
#....##
#...........#
#.....#
#####'######
#.P.P.# #.#
##..>..#
#.#####


You could see a two-headed ogre.

Vanquished Creatures
  The ghost of vishdafish the Chopper, a novice HOFi of Beogh (D:4)
  Sigmund (D:3)
  Menkaure (D:5)
  2 ogres
  A phantom (D:6)
  A bullfrog (D:3)
  A crimson imp (D:4)
  A centaur zombie (D:5)
  An orc wizard (D:4)
  An orc priest (D:4)
  An iguana (D:5)
  5 worker ants
  A hound skeleton (D:5)
  5 adders
  4 gnolls (D:4)
  A shadow imp (D:5)
  An ooze (D:4)
  An adder skeleton (D:5)
  3 worms
  2 dart slugs
  5 leopard geckos
  18 orcs
  A ball python (D:5)
  8 bats
  3 giant cockroaches
  6 hobgoblins
  7 jackals (D:3)
  A quokka (D:3)
  2 frilled lizards
  6 goblins
  A jackal skeleton (D:5)
  15 kobolds
  A quokka zombie (D:5)
  6 rats
115 creatures vanquished.

Notes
Turn   | Place    | Note
-------+----------+-------------------------------------------
     0 | D:1      | empire the Minotaur Fighter began the quest for the Orb.
     0 | D:1      | Reached XP level 1. HP: 19/19 MP: 0/0
   211 | D:1      | Reached XP level 2. HP: 13/27 MP: 1/1
   583 | D:1      | Reached skill level 3 in Long Blades
   917 | D:2      | Reached XP level 3. HP: 26/33 MP: 2/2
  1649 | D:3      | Noticed a bullfrog
  1656 | D:3      | Killed a bullfrog
  1656 | D:3      | Reached skill level 4 in Long Blades
  1656 | D:3      | Reached skill level 1 in Dodging
  1656 | D:3      | Reached XP level 4. HP: 22/40 MP: 3/3
  2101 | D:3      | Reached XP level 5. HP: 31/46 MP: 4/4
  2237 | D:3      | Noticed Sigmund
  2245 | D:3      | Killed Sigmund
  2245 | D:3      | Reached skill level 5 in Shields
  2245 | D:3      | Reached XP level 6. HP: 36/52 MP: 5/5
  2514 | D:3      | Reached skill level 5 in Long Blades
  2779 | D:4      | Reached skill level 5 in Armour
  3223 | D:4      | Reached skill level 6 in Long Blades
  3223 | D:4      | Reached XP level 7. HP: 46/60 MP: 6/6
  3332 | D:4      | Noticed vishdafish's ghost (novice HOFi)
  3348 | D:4      | HP: 2/60 [vishdafish's ghost (14)]
  3352 | D:4      | Killed vishdafish's ghost
  3821 | D:4      | Reached skill level 7 in Long Blades
  3948 | D:5      | Entered Level 5 of the Dungeon
  3975 | D:5      | Noticed Menkaure
  3982 | D:5      | Killed Menkaure
  3982 | D:5      | Reached skill level 5 in Fighting
  3982 | D:5      | Reached XP level 8. HP: 18/68 MP: 7/7
  4746 | D:5      | Found Diludupa's Armour Shop.
  4761 | D:5      | Bought a +1 hat for 132 gold pieces
  4761 | D:5      | Bought a +0 pair of gloves for 54 gold pieces
  4761 | D:5      | Bought a +0 cloak for 54 gold pieces
  4791 | D:5      | Reached skill level 8 in Long Blades
  5276 | D:6      | Found a staircase to the Ecumenical Temple.
  5286 | Temple   | Entered the Ecumenical Temple
  5565 | Temple   | Became a worshipper of Nemelex Xobeh the Trickster
  5598 | D:6      | Received a gift from Nemelex Xobeh
  5618 | D:6      | Noticed a two-headed ogre
  5629 | D:6      | Mangled by a two-headed ogre

Skill      XL: |  1  2  3  4  5  6  7  8 |
---------------+-------------------------+-----
Long Blades    | 3 4 6 7 8 |  8.2
Shields        | 4 5 6 |  6.9
Fighting       | 4 5 |  5.5
Armour         | 4 5 6 |  6.6
Dodging        | 1 2 |  2.4
Stealth        | |  0.6

Action                   |  1- 3 |  4- 6 |  7- 9 || total
-------------------------+-------+-------+-------++-------
Melee: Long sword        |   100 |   113 |   118 ||   331
       Headbutt          |    11 |    22 |    28 ||    61
  Use: Scroll            |     6 |       |     1 ||     7
       Potion            |       |       |     3 ||     3
 Stab: Sleeping          |       |       |     1 ||     1
  Eat: Chunk             |     2 |     6 |     5 ||    13
       Fruit             |       |       |     1 ||     1
Armor: Scale mail        |    45 |    38 |    12 ||    95
       Ring mail         |       |       |    10 ||    10
Dodge: Dodged            |    36 |    34 |    31 ||   101
Block: Shield            |    71 |    60 |    57 ||   188
       Rpst.: Long sword |     7 |    11 |     9 ||    27
